TOP OF THE 1ST |
Plymouth Rocks batting - Pitching for Irvine Gang Green : RHP Jung Chwa
|
Pitching: RHP Jung Chwa
|
|
Batting: RHB Luis Sánchez
|
0-0: Called Strike 0-1: SINGLE (Line Drive, 6)
|
Batting: LHB Roy Patrick
|
0-0: Foul Ball, location: 2F 0-1: Ball 1-1: Foul Ball, location: 2F 1-2: Ball 2-2: Fly out, F7 (Flyball, 78S)
|
Batting: RHB Andrés Lara
|
0-0: Ball 1-0: Ball 2-0: Ball 3-0: Fly out, F7 (Flyball, 78D)
|
Batting: LHB Barrett Waters
|
0-0: Called Strike 0-1: Swinging Strike 0-2: Ball 1-2: Foul Ball, location: 2F 1-2: Foul Ball, location: 2F 1-2: Strikes out swinging
|
Top of the 1st over - 0 run(s), 1 hit(s), 0 error(s), 1 left on base; Plymouth 0 - Irvine 0 |
BOTTOM OF THE 1ST |
Irvine Gang Green batting - Pitching for Plymouth Rocks : RHP José López
|
Pitching: RHP José López
|
|
Batting: RHB Tom Doherty
|
0-0: Ball 1-0: Ball 2-0: Called Strike 2-1: Called Strike 2-2: Strikes out swinging
|
Batting: LHB Jorge Martínez
|
0-0: Ball 1-0: Swinging Strike 1-1: Ball 2-1: Ball 3-1: Base on Balls
|
Batting: RHB Buck Jones
|
0-0: Ball 1-0: Called Strike 1-1: Called Strike 1-2: Ball 2-2: Fly out, F8 (Flyball, 89M)
|
Batting: LHB Jesús Campos
|
0-0: Fielders Choice at 2nd, 4-6 (Groundball, 4)
|
Bottom of the 1st over - 0 run(s), 0 hit(s), 0 error(s), 0 left on base; Plymouth 0 - Irvine 0 |
TOP OF THE 2ND |
Plymouth Rocks batting - Pitching for Irvine Gang Green : RHP Jung Chwa
|
Batting: LHB Roger Moore
|
0-0: Called Strike 0-1: Called Strike 0-2: Foul Ball, location: 2F 0-2: Ball 1-2: Strikes out looking
|
Batting: RHB Taylor McFarland
|
0-0: Called Strike 0-1: Foul Ball, location: 2F 0-2: Ball 1-2: Ball 2-2: Ball 3-2: Base on Balls
|
Batting: RHB Jorge Jiménez
|
0-0: Foul Ball, location: 2F 0-1: Ball 1-1: Ball 2-1: SINGLE (Line Drive, 4MD) Taylor McFarland to second
|
Batting: SHB Víctor Serrano
|
0-0: Ball 1-0: Called Strike 1-1: Ball 2-1: Foul Ball, location: 2F 2-2: Ball 3-2: Foul Ball, location: 2F 3-2: Fielders Choice at 2nd, 3-6 (Groundball, 34) Taylor McFarland to third
|
Batting: RHB António Gonzáles
|
0-0: Ground out 1-3 (Groundball, 13)
|
Top of the 2nd over - 0 run(s), 1 hit(s), 0 error(s), 2 left on base; Plymouth 0 - Irvine 0 |
BOTTOM OF THE 2ND |
Irvine Gang Green batting - Pitching for Plymouth Rocks : RHP José López
|
Batting: RHB José Salazar
|
0-0: Called Strike 0-1: SINGLE (Flyball, 89S)
|
Batting: LHB José Sánchez
|
0-0: Called Strike 0-1: Called Strike 0-2: Fly out, F8 (Line Drive, 89M)
|
Batting: RHB Ronnie Brown
|
0-0: Called Strike 0-1: Ground out 5-3 (Groundball, 5S) José Salazar to second
|
Batting: LHB Víctor Quiñones
|
0-0: Foul Ball, location: 2F 0-1: Ball 1-1: Called Strike 1-2: SINGLE (Line Drive, 9S) José Salazar to third
|
Batting: LHB Tony Tavárez
|
0-0: Ball 1-0: Ball 2-0: Ball 3-0: Called Strike 3-1: Swinging Strike 3-2: Fly out, F7 (Flyball, 7LS)
|
Bottom of the 2nd over - 0 run(s), 2 hit(s), 0 error(s), 2 left on base; Plymouth 0 - Irvine 0 |
TOP OF THE 3RD |
Plymouth Rocks batting - Pitching for Irvine Gang Green : RHP Jung Chwa
|
Batting: RHB Luis Sánchez
|
0-0: Swinging Strike 0-1: Ball 1-1: Ground out 5-3 (Groundball, 56S)
|
Batting: LHB Roy Patrick
|
0-0: Ball 1-0: Ball 2-0: SOLO HOME RUN (Line Drive, 9D), Distance : 432 ft
|
Batting: RHB Andrés Lara
|
0-0: Fly out, F7 (Flyball, 7)
|
Batting: LHB Barrett Waters
|
0-0: Ball 1-0: Foul Ball, location: 2F 1-1: Ball 2-1: Ground out 4-3 (Groundball, 4)
|
Top of the 3rd over - 1 run(s), 1 hit(s), 0 error(s), 0 left on base; Plymouth 1 - Irvine 0 |
BOTTOM OF THE 3RD |
Irvine Gang Green batting - Pitching for Plymouth Rocks : RHP José López
|
Batting: RHB Tom Doherty
|
0-0: Ground out 6-3 (Groundball, 56)
|
Batting: LHB Jorge Martínez
|
0-0: Foul Ball, location: 2F 0-1: Swinging Strike 0-2: Foul Ball, location: 2F 0-2: Strikes out swinging
|
Batting: RHB Buck Jones
|
0-0: SINGLE (Groundball, 56D)
|
Batting: LHB Jesús Campos
|
0-0: Ball 1-0: Ball 2-0: Ball 3-0: Called Strike 3-1: Base on Balls Buck Jones to second
|
Batting: RHB José Salazar
|
0-0: Foul Ball, location: 2F 0-1: Swinging Strike 0-2: Foul Ball, location: 2F 0-2: Strikes out looking
|
Bottom of the 3rd over - 0 run(s), 1 hit(s), 0 error(s), 2 left on base; Plymouth 1 - Irvine 0 |
TOP OF THE 4TH |
Plymouth Rocks batting - Pitching for Irvine Gang Green : RHP Jung Chwa
|
Batting: LHB Roger Moore
|
0-0: DOUBLE (Line Drive, 78XD)
|
Batting: RHB Taylor McFarland
|
0-0: Called Strike 0-1: Ball 1-1: Swinging Strike 1-2: Strikes out looking
|
Batting: RHB Jorge Jiménez
|
0-0: Ball 1-0: Ground out 1-3 (Groundball, 13) Roger Moore to third
|
Batting: SHB Víctor Serrano
|
0-0: Ball 1-0: Foul Ball, location: 2F 1-1: Ball 2-1: Ball 3-1: Called Strike 3-2: Strikes out swinging
|
Top of the 4th over - 0 run(s), 1 hit(s), 0 error(s), 1 left on base; Plymouth 1 - Irvine 0 |
BOTTOM OF THE 4TH |
Irvine Gang Green batting - Pitching for Plymouth Rocks : RHP José López
|
Batting: LHB José Sánchez
|
0-0: Called Strike 0-1: Ball 1-1: Called Strike 1-2: Ball 2-2: Ball 3-2: Fly out, F7 (Flyball, 78S)
|
Batting: RHB Ronnie Brown
|
0-0: Ball 1-0: Called Strike 1-1: Foul Ball, location: 2F 1-2: Strikes out swinging
|
Batting: LHB Víctor Quiñones
|
0-0: Called Strike 0-1: Ball 1-1: Fly out, F2 (Popup, 25)
|
Bottom of the 4th over - 0 run(s), 0 hit(s), 0 error(s), 0 left on base; Plymouth 1 - Irvine 0 |
TOP OF THE 5TH |
Plymouth Rocks batting - Pitching for Irvine Gang Green : RHP Jung Chwa
|
Batting: RHB António Gonzáles
|
0-0: Called Strike 0-1: Called Strike 0-2: Ball 1-2: Foul Ball, location: 2F 1-2: Ball 2-2: Strikes out swinging
|
Batting: RHB Luis Sánchez
|
0-0: Ball 1-0: Ground out 5-3 (Groundball, 56)
|
Batting: LHB Roy Patrick
|
0-0: SOLO HOME RUN (Flyball, 89XD), Distance : 436 ft
|
Batting: RHB Andrés Lara
|
0-0: Called Strike 0-1: Ground out 6-3 (Groundball, 6)
|
Top of the 5th over - 1 run(s), 1 hit(s), 0 error(s), 0 left on base; Plymouth 2 - Irvine 0 |
BOTTOM OF THE 5TH |
Irvine Gang Green batting - Pitching for Plymouth Rocks : RHP José López
|
Batting: LHB Tony Tavárez
|
0-0: SINGLE (Groundball, 34D)
|
Batting: RHB Tom Doherty
|
0-0: Called Strike 0-1: Ball 1-1: Ball 2-1: Ball 3-1: Foul Ball, location: 2F 3-2: Foul Ball, location: 2F 3-2: Foul Ball, location: 2F 3-2: Fly out, F4 (Line Drive, 4) Lined into DP, 4-3 (Line Drive, 4)
|
Batting: LHB Jorge Martínez
|
0-0: Called Strike 0-1: Ball 1-1: Ball 2-1: Foul Ball, location: 2F 2-2: Ball 3-2: Strikes out swinging
|
Bottom of the 5th over - 0 run(s), 1 hit(s), 0 error(s), 0 left on base; Plymouth 2 - Irvine 0 |
TOP OF THE 6TH |
Plymouth Rocks batting - Pitching for Irvine Gang Green : RHP Jung Chwa
|
Batting: LHB Barrett Waters
|
0-0: Swinging Strike 0-1: Called Strike 0-2: Foul Ball, location: 2F 0-2: Ball 1-2: Ball 2-2: Foul Ball, location: 2F 2-2: Ball 3-2: Strikes out swinging
|
Batting: LHB Roger Moore
|
0-0: Called Strike 0-1: Ball 1-1: DOUBLE (Flyball, 7LM)
|
Pitching: RHP Howard Green
|
|
Batting: RHB Taylor McFarland
|
0-0: SINGLE (Groundball, 56D) Roger Moore to third
|
Batting: RHB Jorge Jiménez
|
0-0: Foul Ball, location: 2F 0-1: Ball 1-1: Ball 2-1: Fly out, F6 (Popup, 56)
|
Batting: SHB Víctor Serrano
|
0-0: Ball 1-0: Fielders Choice at 2nd, 6-4 (Groundball, 6)
|
Top of the 6th over - 0 run(s), 2 hit(s), 0 error(s), 1 left on base; Plymouth 2 - Irvine 0 |
BOTTOM OF THE 6TH |
Irvine Gang Green batting - Pitching for Plymouth Rocks : RHP José López
|
Batting: RHB Buck Jones
|
0-0: Ball 1-0: Ball 2-0: Called Strike 2-1: Fly out, F8 (Flyball, 8RM)
|
Batting: LHB Jesús Campos
|
0-0: Foul Ball, location: 2F 0-1: Foul Ball, location: 2F 0-2: Strikes out swinging
|
Batting: RHB José Salazar
|
0-0: Ball 1-0: Called Strike 1-1: Foul Ball, location: 2F 1-2: Ball 2-2: Ball 3-2: Fly out, F8 (Flyball, 8LM)
|
Bottom of the 6th over - 0 run(s), 0 hit(s), 0 error(s), 0 left on base; Plymouth 2 - Irvine 0 |
TOP OF THE 7TH |
Plymouth Rocks batting - Pitching for Irvine Gang Green : RHP Howard Green
|
Batting: RHB António Gonzáles
|
0-0: Ball 1-0: Called Strike 1-1: Foul Ball, location: 2F 1-2: Strikes out looking
|
Batting: RHB Luis Sánchez
|
0-0: Ball 1-0: Ball 2-0: Ground out 6-3 (Groundball, 6)
|
Batting: LHB Roy Patrick
|
0-0: Called Strike 0-1: Ball 1-1: Foul Ball, location: 2F 1-2: Foul Ball, location: 2F 1-2: Ball 2-2: SOLO HOME RUN (Flyball, 89XD), Distance : 434 ft
|
Batting: RHB Andrés Lara
|
0-0: Ball 1-0: Foul Ball, location: 2F 1-1: SINGLE (Line Drive, 9LS)
|
Batting: LHB Barrett Waters
|
0-0: Called Strike 0-1: Ball 1-1: Fly out, F9 (Line Drive, 9LM)
|
Top of the 7th over - 1 run(s), 2 hit(s), 0 error(s), 1 left on base; Plymouth 3 - Irvine 0 |
BOTTOM OF THE 7TH |
Irvine Gang Green batting - Pitching for Plymouth Rocks : RHP José López
|
Batting: LHB José Sánchez
|
0-0: Ball 1-0: Ground out 4-3 (Groundball, 4)
|
Batting: RHB Ronnie Brown
|
0-0: SINGLE (Flyball, 8RS)
|
Batting: LHB Víctor Quiñones
|
0-0: Foul Ball, location: 2F 0-1: Ball 1-1: Foul Ball, location: 2F 1-2: Strikes out swinging
|
Batting: LHB Tony Tavárez
|
0-0: Called Strike 0-1: Ball 1-1: Ball 2-1: Ball 3-1: Foul Ball, location: 2F 3-2: Ground out 5-3 (Groundball, 56S)
|
Bottom of the 7th over - 0 run(s), 1 hit(s), 0 error(s), 1 left on base; Plymouth 3 - Irvine 0 |
TOP OF THE 8TH |
Plymouth Rocks batting - Pitching for Irvine Gang Green : RHP Howard Green
|
Batting: LHB Roger Moore
|
0-0: Ball 1-0: Ball 2-0: Ball 3-0: Fly out, F3 (Popup, 3L)
|
Batting: RHB Taylor McFarland
|
0-0: Ball 1-0: Ball 2-0: Swinging Strike 2-1: Ball 3-1: Ground out 4-3 (Groundball, 4D)
|
Batting: RHB Jorge Jiménez
|
0-0: Ball 1-0: Ball 2-0: Foul Ball, location: 2F 2-1: Swinging Strike 2-2: Strikes out swinging
|
Top of the 8th over - 0 run(s), 0 hit(s), 0 error(s), 0 left on base; Plymouth 3 - Irvine 0 |
BOTTOM OF THE 8TH |
Irvine Gang Green batting - Pitching for Plymouth Rocks : RHP José López
|
Batting: RHB Tom Doherty
|
0-0: Ball 1-0: Ball 2-0: Ball 3-0: Called Strike 3-1: SINGLE (Flyball, 8RS)
|
Pitching: LHP Enrico Lozano
|
|
Batting: LHB Jorge Martínez
|
0-0: Called Strike 0-1: SINGLE (Line Drive, 3D) Tom Doherty to second
|
Pitching: RHP Scot MacIntosh
|
|
Batting: RHB Buck Jones
|
0-0: Fly out, F9 (Flyball, 9D) Runner from 2nd tags up, SAFE at 3rd, no throw
|
Pitching: LHP Manuel Parra
|
|
Batting: LHB Jesús Campos
|
0-0: Ball 1-0: 3-RUN HOME RUN (Flyball, 9LD), Distance : 388 ft
|
Batting: RHB José Salazar
|
0-0: Called Strike 0-1: Ball 1-1: Fly out, F8 (Flyball, 8LD)
|
Pitching: RHP Soichiro Ikeda
|
|
Batting: LHB José Sánchez
|
0-0: Ball 1-0: Ball 2-0: SINGLE (Groundball, 4MD)
|
Pinch Hitting: LHB Bill Murphy
|
0-0: Ball 1-0: Ball 2-0: Called Strike 2-1: Called Strike 2-2: Foul Ball, location: 2F 2-2: Fly out, F9 (Flyball, 9LM)
|
Bottom of the 8th over - 3 run(s), 4 hit(s), 0 error(s), 1 left on base; Plymouth 3 - Irvine 3 |
TOP OF THE 9TH |
Plymouth Rocks batting - Pitching for Irvine Gang Green : RHP Howard Green
|
Pitching: LHP Santiago González
|
|
Now at SS: Bill Murphy
|
|
Batting: SHB Víctor Serrano
|
0-0: Called Strike 0-1: Fly out, F4 (Popup, 4)
|
Pinch Hitting: RHB Wilbert Rodgers
|
0-0: Called Strike 0-1: Foul Ball, location: 2F 0-2: Ball 1-2: Foul Ball, location: 2F 1-2: Foul Ball, location: 2F 1-2: Foul Ball, location: 2F 1-2: Strikes out swinging
|
Batting: RHB Luis Sánchez
|
0-0: Swinging Strike 0-1: Ball 1-1: Ball 2-1: Ball 3-1: SOLO HOME RUN (Flyball, 7D), Distance : 408 ft
|
Batting: LHB Roy Patrick
|
0-0: Called Strike 0-1: Swinging Strike 0-2: Ball 1-2: Strikes out looking
|
Top of the 9th over - 1 run(s), 1 hit(s), 0 error(s), 0 left on base; Plymouth 4 - Irvine 3 |
BOTTOM OF THE 9TH |
Irvine Gang Green batting - Pitching for Plymouth Rocks : RHP Soichiro Ikeda
|
Pitching: RHP Bartolo García
|
|
Now at 1B: Wilbert Rodgers
|
|
Batting: LHB Víctor Quiñones
|
0-0: Ball 1-0: Foul Ball, location: 2F 1-1: Ball 2-1: Called Strike 2-2: Foul Ball, location: 2F 2-2: Foul Ball, location: 2F 2-2: Fly out, F7 (Line Drive, 7S)
|
Batting: LHB Tony Tavárez
|
0-0: Ball 1-0: Swinging Strike 1-1: Fly out, F9 (Flyball, 9LM)
|
Batting: RHB Tom Doherty
|
0-0: Called Strike 0-1: Ball 1-1: Foul Ball, location: 2F 1-2: Ball 2-2: Foul Ball, location: 2F 2-2: Foul Ball, location: 2F 2-2: Ground out 6-3 (Groundball, 6)
|
Bottom of the 9th over - 0 run(s), 0 hit(s), 0 error(s), 0 left on base; Plymouth 4 - Irvine 3 |
|